Cogmind - Beta 13 @@@ ROGUE MODE // 2024.04.13 @ 09:58:45 Player: Fusha Result: Destroyed by P-80 Master with Gamma Rifle Performance ------------- Evolutions (9) 4500 Regions Visited (13) 2600 Robots Destroyed (136) 680 Value Destroyed (4398) 4398 Prototype IDs (13) 260 Alien Tech Used (0) 0 Bonus (227) 227 TOTAL SCORE: 12665 Bonus ------- High Alert Combat Kills 172 Follower Combat Kills 357 Friendly Fire -302 Cogmind --------- Core Integrity 0/1600 Matter 199/300 Energy 100/100 System Corruption 12% Temperature Cool (0) Movement Core (50) Location -1/Access Parts ------- > --- POWER (2) -------- (None) > --- PROPULSION (8) --- (None) > --- UTILITY (11) ----- (None) > --- WEAPON (4) ------- (None) > --- INVENTORY (5) ---- Improved Fusion Compressor Beam Splitter Nova Cannon Peak State ------------ > --- POWER ------------ Light Antimatter Reactor Quantum Reactor > --- PROPULSION ------- Biometal Leg Centrium Leg Centrium Leg Xenon Bombardment Thruster Xenon Bombardment Thruster Xenon Bombardment Thruster Xenon Bombardment Thruster Xenon Bombardment Thruster > --- UTILITY ---------- Long-range Terrain Scanner Experimental ECM Suite Improved Cloaking Device Improved Cloaking Device > --- WEAPON ----------- Dispersion Rifle Nova Cannon Nova Cannon KE Penetrator > --- INVENTORY -------- Improved Fusion Compressor Centrium Wheel Beam Splitter Nova Cannon [Rating: 123] Favorites ----------- Power Neutrino Core Engine Ion Engine Power Core Neutrino Core Reactor Light Antimatter Reactor Propulsion Armored Huge Wheel Treads Light Treads Leg Aluminum Leg Wheel Armored Huge Wheel Hover Unit Cooled Gravmag System Flight Unit Nuclear Pulse Array Utility Medium Storage Unit Device Improved Heat Sink Storage Medium Storage Unit Processor Advanced Melee Analysis Suite Protection Improved Light Armor Plating Weapon Precision Assault Rifle Energy Gun Medium Laser Energy Cannon Nova Cannon Ballistic Gun Precision Assault Rifle Ballistic Cannon Enhanced Gauss Cannon Launcher Heavy Missile Launcher Special Weapon Improved Plasma Cutter Slashing Weapon Centrium Greatsword Build | -11 -10 -9 -9 -8 -7 -6 -5 -4 -4 -4 -3 -2 -1 ------- Run | Yrd Mat Mat Min Mat Fac Fac Fac Fac Upp Upp Res Res Acc Slots Evolved 18 | . . 2 . 2 2 2 2 2 . . 2 2 2 Power 1 | . . . . . . . . 1 . . . . . Propulsion 6 | . . 2 . 1 1 . . . . . 2 . . Utility 9 | . . . . 1 1 . 2 1 . . . 2 2 Weapon 2 | . . . . . . 2 . . . . . . . Parts Attached 190 | 6 9 24 3 20 9 3 24 10 7 . 20 24 31 Power 22 | 1 1 3 . 1 1 1 2 1 1 . 2 3 5 Engine 7 | 1 1 3 . 1 1 . . . . . . . . Core 6 | . . . . . . 1 2 1 . . 1 . 1 Reactor 9 | . . . . . . . . . 1 . 1 3 4 Propulsion 60 | 2 4 16 . 4 1 . 3 3 . . 5 9 13 Treads 8 | . 2 . . . . . . . . . . 6 . Leg 16 | 2 2 5 . . . . . . . . 3 . 4 Wheel 9 | . . . . 3 1 . 3 . . . . . 2 Hover 1 | . . . . . . . . . . . 1 . . Flight 26 | . . 11 . 1 . . . 3 . . 1 3 7 Utility 43 | 1 2 . 1 5 1 . 11 3 3 . 6 5 5 Device 25 | . 1 . 1 . 1 . 5 3 1 . 5 3 5 Storage 6 | 1 1 . . 2 . . 1 . 1 . . . . Processor 3 | . . . . 1 . . . . 1 . 1 . . Hackware . | . . . . . . . . . . . . . . Protection 9 | . . . . 2 . . 5 . . . . 2 . Artifact . | . . . . . . . . . . . . . . Weapon 65 | 2 2 5 2 10 6 2 8 3 3 . 7 7 8 Energy Gun 8 | 1 . . . 1 1 . . 1 1 . 1 1 1 Energy Cannon 10 | . . . . 2 . . . 1 . . . 2 5 Ballistic Gun 29 | 1 2 3 . 3 4 2 4 1 . . 3 4 2 Ballistic Cannon 13 | . . 2 2 2 1 . 3 . 1 . 2 . . Launcher 3 | . . . . 2 . . 1 . . . . . . Special Weapon 1 | . . . . . . . . . . . 1 . . Impact Weapon . | . . . . . . . . . . . . . . Slashing Weapon 1 | . . . . . . . . . 1 . . . . Piercing Weapon . | . . . . . . . . . . . . . . Special Melee Weapon . | . . . . . . . . . . . . . . Unidentified Prototypes 10 | . . 1 1 1 2 . . . 1 . 1 3 . Parts Lost 74 | . 1 5 . . . . 12 1 . . 18 11 26 Power 8 | . . . . . . . . . . . 2 3 3 Propulsion 24 | . 1 4 . . . . 2 . . . 4 4 9 Utility 21 | . . . . . . . 7 1 . . 4 2 7 Weapon 21 | . . 1 . . . . 3 . . . 8 2 7 Highest Loss Streak 14 | . 1 3 . . . . 8 1 . . 8 8 14 To Critical Strikes 1 | . . . . . . . . . . . . . 1 Average Slot Usage (%) 69 | . 94 89 100 81 76 79 78 62 52 52 35 17 45 Engine 4 | . 14 11 11 9 7 . . . . . . . . Core 2 | . . . . . . 5 5 6 5 5 1 . . Treads 1 | . 10 . . . . . . . . . . 4 . Leg 2 | . 15 9 . . . . . . . . . . 5 Wheel 9 | . . . . 21 23 20 16 8 . . . . 1 Flight 5 | . . 24 44 6 . . . 2 15 15 6 2 12 Device 8 | . 6 . 10 5 7 6 13 20 6 5 7 2 11 Storage 7 | . 18 22 11 12 7 6 5 4 4 5 1 . . Protection 5 | . . . . 7 15 13 12 . . . . . . Energy Gun 2 | . 13 . . 3 . . . 3 5 5 1 1 1 Ballistic Gun 9 | . 14 15 7 6 14 25 11 9 . . 1 2 2 Ballistic Cannon 3 | . . 6 14 5 . . 9 1 . . 1 . . Naked Turns 122 | . . . . . . . . . . . 41 37 44 Heaviest Build 81 | 14 16 18 20 31 37 43 76 70 39 39 53 36 81 Greatest Support 150 | 20 40 30 20 56 56 56 84 40 39 39 75 150 88 Greatest Overweight (x) 17 | . 1 4 . . . . 1 1 . . 17 3 2 Average Overweight (x) . | . . . . . . . . . . . . . . Largest Inventory Capacity 10 | 8 8 8 8 10 10 10 10 10 5 5 5 5 5 Average Capacity 8 | 6 8 8 8 9 10 10 10 9 5 5 5 5 5 Most Carried 10 | 1 6 8 8 10 10 9 10 9 5 5 5 5 5 Average Carried 5 | . 3 3 7 8 9 8 9 3 3 5 2 2 3 Final Capacity 10 | 8 8 8 8 10 10 10 10 5 5 5 5 5 5 Final Carried 10 | 1 5 8 8 10 10 8 3 5 5 5 1 3 3 Class Distribution -------------------- 44% | Mutant 25% | Tank 7% | Gladiator 6% | Scavenger-Mutant 5% | Sprinter 4% | Scavenger-Tank Dominant Class ---------------- Mutant | -10/Materials Scavenger-Mutant | -9/Materials Sprinter | -9/Mines Mutant | -8/Materials Mutant | -7/Factory Tank | -6/Factory Tank | -5/Factory Tank | -4/Factory Gladiator | -4/Upper Caves Gladiator | -4/Upper Caves Mutant | -3/Research Mutant | -2/Research Scavenger-Skirmisher | -1/Access Resources | -11 -10 -9 -9 -8 -7 -6 -5 -4 -4 -4 -3 -2 -1 ----------- Run | Yrd Mat Mat Min Mat Fac Fac Fac Fac Upp Upp Res Res Acc Matter Collected 4812 | 242 413 501 74 508 407 . 1492 . 423 . 183 224 345 Remotely 1243 | . . . . . . . 1243 . . . . . . Salvage Created 5800 | 66 753 816 15 702 778 . 1615 . 172 24 349 195 315 Parts 283 | . 47 52 4 34 35 . 53 . 11 2 21 12 12 Haulers Intercepted 8 | . 1 2 . 2 2 . 1 . . . . . . Recyclers Shooed 11 | . 2 3 1 2 1 . 1 . . . 1 . . Parts Field Recycled . | . . . . . . . . . . . . . . Retrieved Matter . | . . . . . . . . . . . . . . Parts Self-Destructed 5 | . . . . . . . . . 5 . . . . Prevented . | . . . . . . . . . . . . . . Kills | -11 -10 -9 -9 -8 -7 -6 -5 -4 -4 -4 -3 -2 -1 ------- Run | Yrd Mat Mat Min Mat Fac Fac Fac Fac Upp Upp Res Res Acc Combat Hostiles Destroyed 92 | . 16 15 2 8 6 . 23 . 3 . 6 6 7 Melee 5 | . . . . . . . . . 3 . 2 . . Guns 50 | . 16 11 . 3 6 . 8 . . . 3 2 1 Cannons 34 | . . 3 2 4 . . 14 . . . 1 4 6 AOE 3 | . . 1 . 1 . . 1 . . . . . . Classes Destroyed 17 | 1 7 3 . . 1 . 2 . 1 . 1 1 . Worker 3 | . 1 1 . . 1 . . . . . . . . Builder 1 | . . . . . . . . . . . . 1 . Tunneler 1 | . 1 . . . . . . . . . . . . Hauler 8 | . 1 2 . 2 2 . 1 . . . . . . Recycler 16 | 1 2 3 . 3 4 . 3 . . . . . . Mechanic 1 | . . 1 . . . . . . . . . . . Operator 1 | . 1 . . . . . . . . . . . . Watcher 11 | . 1 3 . 2 1 . 2 . . . 2 . . Swarmer 37 | . 6 8 2 . 2 . 4 . 3 . 1 6 5 Grunt 30 | . 10 5 . 6 1 . 8 . . . . . . Brawler 2 | . . . . . . . 2 . . . . . . Duelist 4 | . . 1 . . 2 . 1 . . . . . . Sentry 7 | . . 1 . 2 1 . 3 . . . . . . Specialist 1 | . . . . . . . 1 . . . . . . Hunter 3 | . . . . . . . . . . . 2 . 1 Programmer 10 | . . . . . 1 . 5 . . . 3 . 1 Decomposer 2 | . . . . . . . . . 1 1 . . . Samaritan 2 | . . . . . . . . . 2 . . . . Best Kill Streak 7 | 1 5 7 2 3 3 . 5 . 3 . 3 6 5 Combat Bots Only 5 | . 5 4 2 2 2 . 5 . 3 . 3 4 5 Max Kills in Single Turn 3 | 1 1 3 1 2 2 . 3 . 1 1 1 1 1 Gunslinging 1 | . . 1 . . . . . . . . . . . Exploded 1 | . . 1 . 1 . . 1 . . . . . . Melee 1 | . . . . . . . . . 1 . 1 . . Uniques/NPCs Destroyed . | . . . . . . . . . . . . . . Combat | -11 -10 -9 -9 -8 -7 -6 -5 -4 -4 -4 -3 -2 -1 -------- Run | Yrd Mat Mat Min Mat Fac Fac Fac Fac Upp Upp Res Res Acc Hostile Shots Fired 1355 | . 95 88 10 32 31 . 232 72 11 . 205 236 343 Missed 427 | . 25 21 3 7 12 . 54 38 6 . 60 80 121 Damage Taken 18065 | . 707 758 57 395 227 . 3657 596 82 . 2891 3562 5133 Core 4230 | . 168 198 10 74 . . 323 134 . . 984 739 1600 Absorbed by Shields 385 | . . . . . . . . . . . 385 . . Redirected to Shielding 212 | . . . . . . . 102 . . . . 96 14 Ignored by Resistances 25 | . . . . . . . . . . . 25 . . Regen/Repaired (Parts) 121 | . . . . . . . 121 . . . . . . Core Remaining (%) 69 | 100 32 . 48 86 100 100 67 . . 88 24 49 . Volleys Fired 348 | 1 69 51 8 48 36 . 62 2 . . 24 16 31 Largest 4 | 2 2 2 2 2 2 . 4 3 . . 2 3 4 Hottest 314 | 70 70 55 74 119 76 . 206 164 . . 122 165 314 Shots Fired 800 | 2 137 102 16 90 72 . 248 5 1 . 43 33 51 Gun 501 | 2 137 82 . 38 68 . 105 3 1 . 23 18 24 Cannon 290 | . . 20 16 44 4 . 142 2 . . 20 15 27 Launcher 9 | . . . . 8 . . 1 . . . . . . Special . | . . . . . . . . . . . . . . Kinetic 641 | 1 69 102 16 63 72 . 247 2 . . 40 18 11 Thermal 147 | 1 68 . . 19 . . . . 1 . 3 15 40 Explosive 9 | . . . . 8 . . 1 . . . . . . Electromagnetic 3 | . . . . . . . . 3 . . . . . Robot Hit Streak 16 | 2 7 7 2 8 15 . 16 4 . . 7 7 4 Robot Miss Streak 6 | . 6 6 3 5 6 . 5 1 . . 6 3 3 Penetration Max 1 | . . . . . . . 1 . . . 1 . 1 Secondary Targets 10 | . 4 3 . 1 1 . . . . . 1 . . Max Gunslinging Chain 1 | . 1 1 . 1 1 . . . . . 1 . . Shots Hit Robots 444 | 2 73 60 7 49 51 . 115 4 7 1 32 19 24 Core Hits 236 | 2 37 37 2 27 26 . 61 . 3 1 17 10 13 Critical Kills 5 | . . . . . 1 . 4 . . . . . . Critical Parts Destroyed 13 | . 1 1 . . 2 . 4 . . . 3 . 2 Critical Strikes 36 | 1 3 1 . 1 4 . 19 . . . 5 . 2 Burn 3 | 1 2 . . . . . . . . . . . . Destroy 19 | . 1 1 . 1 3 . 8 . . . 3 . 2 Blast 13 | . . . . . 1 . 11 . . . 1 . . Sever 1 | . . . . . . . . . . . 1 . . Melee Attacks 17 | . . . . . . . . . 9 1 7 . . Impact . | . . . . . . . . . . . . . . Slashing 17 | . . . . . . . . . 9 1 7 . . Piercing . | . . . . . . . . . . . . . . Sneak Attacks 4 | . . . . . . . . . 3 1 . . . Combat Hostiles . | . . . . . . . . . . . . . . Follow-up Attacks . | . . . . . . . . . . . . . . Damage Inflicted 11742 | 26 973 882 132 1059 997 . 3756 38 716 151 1394 618 1000 Guns 5097 | 26 973 581 . 288 969 . 1119 30 . . 561 199 351 Cannons 4833 | . . 205 132 614 28 . 2445 8 . . 367 419 615 Explosions 432 | . . 96 . 157 . . 179 . . . . . . Melee 1333 | . . . . . . . . . 716 151 466 . . Ramming 47 | . . . . . . . 13 . . . . . 34 Kinetic 7931 | 14 535 786 132 589 997 . 3564 26 . . 897 199 192 Thermal 1987 | 12 438 . . 313 . . . . . . 31 419 774 Explosive 336 | . . . . 157 . . 179 . . . . . . Electromagnetic 108 | . . 96 . . . . . 12 . . . . . Impact . | . . . . . . . . . . . . . . Slashing 1333 | . . . . . . . . . 716 151 466 . . Piercing . | . . . . . . . . . . . . . . Highest Corruption 14 | . . . . . 3 . 3 1 1 1 14 . 11 Average Corruption 3 | . . . . . 2 . 1 1 1 1 6 . 7 Corruption Purged . | . . . . . . . . . . . . . . Corruption Blocked . | . . . . . . . . . . . . . . Effects 28 | . . . . . 3 . 7 . 3 1 8 . 6 Message Errors 8 | . . . . . 1 . . . . . 4 . 3 Matter Fused 3 | . . . . . . . . . 1 1 1 . . Heat Flow Errors 3 | . . . . . 1 . 2 . . . . . . Energy Discharges 3 | . . . . . 1 . 2 . . . . . . Parts Fused 1 | . . . . . . . . . 1 . . . . Data Loss (minor) 5 | . . . . . . . 1 . . . 2 . 2 Misfires 2 | . . . . . . . 1 . 1 . . . . Misdirections 1 | . . . . . . . . . . . . . 1 Weapon Failures 2 | . . . . . . . 1 . . . 1 . . Overload Shots . | . . . . . . . . . . . . . . Overflow Damage 400 | . . 1 . 15 . . 41 . 274 . 20 18 31 Projectiles 122 | . . . . 15 . . 38 . . . 20 18 31 Explosions 4 | . . 1 . . . . 3 . . . . . . Melee 274 | . . . . . . . . . 274 . . . . Knockbacks 28 | . . 1 1 4 . . 16 . . . 5 . 1 Impact 1 | . . . . . . . . . . . . . 1 Kinetic 25 | . . 1 1 4 . . 16 . . . 3 . . Secondary 2 | . . . . . . . . . . . 2 . . Self-Inflicted Damage 59 | . . 35 . 17 . . 6 . . . . . 1 Shots 3 | . . 1 . 2 . . . . . . . . . Rammed 2 | . . . . . . . 1 . . . . . 1 Targets Rammed 10 | . 1 . . . . . 1 . . . . . 8 Kicked 8 | . 1 . . . . . . . . . . . 7 Crushed . | . . . . . . . . . . . . . . Highest Temperature 586 | 9 189 12 90 324 95 . 425 108 66 . 226 327 586 Average Temperature 85 | 6 61 4 39 75 43 . 91 64 36 . 99 115 148 Received Heat Transfer 2037 | . 285 135 . 189 36 . 897 . . . 63 333 99 Effects 8 | . . . . 3 . . 1 . . . . . 4 Shutdowns 2 | . . . . . . . 1 . . . . . 1 Energy Bleed 1 | . . . . . . . . . . . . . 1 Interference 4 | . . . . 3 . . . . . . . . 1 Damage (core) 1 | . . . . . . . . . . . . . 1 Siege Activations . | . . . . . . . . . . . . . . Robots Corrupted . | . . . . . . . . . . . . . . Combat Hostiles . | . . . . . . . . . . . . . . Parts Fried . | . . . . . . . . . . . . . . Impact Corruptions . | . . . . . . . . . . . . . . Robots Melted . | . . . . . . . . . . . . . . Combat Hostiles . | . . . . . . . . . . . . . . Parts Melted 10 | 1 5 . . . . . . . . . . 2 2 Heat Transferred 3399 | 111 1443 . . 624 . . . . . . 37 444 740 Parts Sabotaged . | . . . . . . . . . . . . . . Parts Stolen . | . . . . . . . . . . . . . . Parts Stripped . | . . . . . . . . . . . . . . Power Chain Reactions . | . . . . . . . . . . . . . . Alert | -11 -10 -9 -9 -8 -7 -6 -5 -4 -4 -4 -3 -2 -1 ------- Run | Yrd Mat Mat Min Mat Fac Fac Fac Fac Upp Upp Res Res Acc Peak Influence 753 | 5 235 530 161 251 276 89 753 339 . . 370 289 274 Initial 339 | . 3 94 79 62 72 74 43 339 . . 101 103 172 Average 179 | 1 100 302 85 126 129 74 209 309 . . 250 186 181 Maximum Alert Level 3 | . 1 2 . 1 1 . 3 1 . . 1 1 1 Low Security (%) 63 | 100 90 20 100 84 86 100 70 13 . . 21 48 40 Level 1 30 | . 9 54 . 15 13 . 8 86 . . 78 51 59 Level 2 4 | . . 25 . . . . 12 . . . . . . Level 3 1 | . . . . . . . 8 . . . . . . Level 4 . | . . . . . . . . . . . . . . Level 5 . | . . . . . . . . . . . . . . High Security . | . . . . . . . . . . . . . . Max Security . | . . . . . . . . . . . . . . Squads Dispatched 25 | . 5 . . 2 . . 12 2 . . 3 . 1 Investigation 3 | . 2 . . . . . 1 . . . . . . Extermination 5 | . . . . . . . 2 1 . . 1 . 1 Reinforcement 8 | . 3 . . 2 . . 1 1 . . 1 . . Assault 1 | . . . . . . . 1 . . . . . . Garrison 8 | . . . . . . . 7 . . . 1 . . Intercept . | . . . . . . . . . . . . . . Searches Triggered . | . . . . . . . . . . . . . . Construction Impeded . | . . . . . . . . . . . . . . Haulers Reinforced . | . . . . . . . . . . . . . . Active Scanning Responses . | . . . . . . . . . . . . . . Cargo Convoy Interrupts 1 | . . . . . . . 1 . . . . . . Stealth | -11 -10 -9 -9 -8 -7 -6 -5 -4 -4 -4 -3 -2 -1 --------- Run | Yrd Mat Mat Min Mat Fac Fac Fac Fac Upp Upp Res Res Acc Distress Signals 7 | . 1 3 . . . . 1 . . . 1 1 . Communications Jammed . | . . . . . . . . . . . . . . Distress Signals . | . . . . . . . . . . . . . . Times Spotted 224 | . 25 22 7 11 17 1 45 9 4 . 28 23 32 Peak Tracking Total 15 | . 6 7 4 3 4 1 10 7 4 . 9 10 15 Tactical Retreats 22 | . 1 1 1 . . . 4 1 . . 5 5 4 Traps | -11 -10 -9 -9 -8 -7 -6 -5 -4 -4 -4 -3 -2 -1 ------- Run | Yrd Mat Mat Min Mat Fac Fac Fac Fac Upp Upp Res Res Acc Traps Triggered 5 | . 2 . . . . . . 1 . . 2 . . Indirectly . | . . . . . . . . . . . . . . Trap Hack Attempts . | . . . . . . . . . . . . . . Triggered . | . . . . . . . . . . . . . . Disarmed . | . . . . . . . . . . . . . . Reprogrammed . | . . . . . . . . . . . . . . Reused . | . . . . . . . . . . . . . . Traps Extracted . | . . . . . . . . . . . . . . Installed . | . . . . . . . . . . . . . . Triggered . | . . . . . . . . . . . . . . Machines | -11 -10 -9 -9 -8 -7 -6 -5 -4 -4 -4 -3 -2 -1 ---------- Run | Yrd Mat Mat Min Mat Fac Fac Fac Fac Upp Upp Res Res Acc Machines Disabled 13 | . 1 1 . 2 . . 8 . . . . 1 . Max in Single Turn 4 | . 1 1 . 1 . . 4 . . . . 1 . Garrison Access 1 | . . . . . 1 . . . . . . . . Machines Repaired . | . . . . . . . . . . . . . . Machines Dismantled . | . . . . . . . . . . . . . . Machines Sabotaged . | . . . . . . . . . . . . . . Overloaded Fab Kills . | . . . . . . . . . . . . . . Hacking | -11 -10 -9 -9 -8 -7 -6 -5 -4 -4 -4 -3 -2 -1 --------- Run | Yrd Mat Mat Min Mat Fac Fac Fac Fac Upp Upp Res Res Acc Machines Accessed 25 | . 4 1 1 4 3 1 7 1 . . 2 . 1 Terminals 17 | . 4 1 . 4 1 . 4 . . . 2 . 1 Fabricators 2 | . . . . . 1 1 . . . . . . . Repair Stations 2 | . . . . . . . 1 1 . . . . . Recycling Units 1 | . . . . . . . 1 . . . . . . Scanalyzers . | . . . . . . . . . . . . . . Garrison Access 2 | . . . . . 1 . 1 . . . . . . Total Hacks 71 | . 12 8 1 13 7 5 15 1 . . 8 . 1 Successful 37 | . 6 5 1 8 6 2 6 . . . 3 . . Failed 34 | . 6 3 . 5 1 3 9 1 . . 5 . 1 Catastrophic 9 | . 2 . . 1 1 . 4 . . . . . 1 Database Lockouts . | . . . . . . . . . . . . . . Manual 16 | . 3 2 . 6 . . 2 . . . 3 . . Terminals 54 | . 12 8 . 13 4 . 8 . . . 8 . 1 Fabricators 7 | . . . . . 2 5 . . . . . . . Repair Stations 4 | . . . . . . . 3 1 . . . . . Recycling Units 2 | . . . . . . . 2 . . . . . . Scanalyzers . | . . . . . . . . . . . . . . Garrison Access 3 | . . . . . 1 . 2 . . . . . . Terminal Hacks 29 | . 6 5 1 8 3 . 3 . . . 3 . . Record 2 | . . . . . 1 . 1 . . . . . . Prototype ID Bank 2 | . 2 . . . . . . . . . . . . Open Door 1 | . . . 1 . . . . . . . . . . Emergency Access Points 4 | . . . . 2 1 . 1 . . . . . . Terminal Index 4 | . 1 1 . 1 . . 1 . . . . . . Scanalyzer Index 1 | . . . . 1 . . . . . . . . . Alert Level 5 | . . 2 . 1 1 . . . . . 1 . . Unreport Threat 3 | . 1 1 . 1 . . . . . . . . . Locate Traps 4 | . 1 1 . 1 . . . . . . 1 . . Zone Layout 3 | . 1 . . 1 . . . . . . 1 . . Fabricator Hacks 4 | . . . . . 2 2 . . . . . . . Network Status 2 | . . . . . 1 1 . . . . . . . Build 2 | . . . . . 1 1 . . . . . . . Repair Station Hacks 2 | . . . . . . . 2 . . . . . . Scan Component 1 | . . . . . . . 1 . . . . . . Repair 1 | . . . . . . . 1 . . . . . . Recycling Unit Hacks 1 | . . . . . . . 1 . . . . . . Retrieve Components 1 | . . . . . . . 1 . . . . . . Scanalyzer . | . . . . . . . . . . . . . . Garrison Access Hacks 1 | . . . . . 1 . . . . . . . . Seal Access 1 | . . . . . 1 . . . . . . . . Unauthorized Hacks . | . . . . . . . . . . . . . . Terminals . | . . . . . . . . . . . . . . Fabricators . | . . . . . . . . . . . . . . Repair Stations . | . . . . . . . . . . . . . . Recycling Units . | . . . . . . . . . . . . . . Scanalyzers . | . . . . . . . . . . . . . . Garrison Access . | . . . . . . . . . . . . . . Data Cores Recovered . | . . . . . . . . . . . . . . Used . | . . . . . . . . . . . . . . Hacking Detections 19 | . 4 1 . 2 2 1 6 . . . 2 . 1 Full Trace Events 1 | . . . . . . . 1 . . . . . . Feedback Events . | . . . . . . . . . . . . . . Feedback Blocked . | . . . . . . . . . . . . . . Robot Schematics Acquired . | . . . . . . . . . . . . . . Robots Built 5 | . . . . . 3 2 . . . . . . . Authchips . | . . . . . . . . . . . . . . Time 286 | . . . . . 134 152 . . . . . . . Total Robot Build Rating 22 | . . . . . 12 10 . . . . . . . Part Schematics Acquired . | . . . . . . . . . . . . . . Parts Built . | . . . . . . . . . . . . . . Authchips . | . . . . . . . . . . . . . . Time . | . . . . . . . . . . . . . . Total Part Build Rating . | . . . . . . . . . . . . . . Parts Repaired 1 | . . . . . . . 1 . . . . . . Time 44 | . . . . . . . 44 . . . . . . Parts Recycled . | . . . . . . . . . . . . . . Recycled Matter . | . . . . . . . . . . . . . . Retrieved Matter . | . . . . . . . . . . . . . . Retrieved Components 2 | . . . . . . . 2 . . . . . . Parts Scanalyzed . | . . . . . . . . . . . . . . Part Schematics Acquired . | . . . . . . . . . . . . . . Parts Damaged . | . . . . . . . . . . . . . . Bothacking | -11 -10 -9 -9 -8 -7 -6 -5 -4 -4 -4 -3 -2 -1 ------------ Run | Yrd Mat Mat Min Mat Fac Fac Fac Fac Upp Upp Res Res Acc Used RIF Installer . | . . . . . . . . . . . . . . Robots Hacked . | . . . . . . . . . . . . . . Non-combat . | . . . . . . . . . . . . . . Combat . | . . . . . . . . . . . . . . Robot Hacks Applied . | . . . . . . . . . . . . . . Relay Couplers Released . | . . . . . . . . . . . . . . Fabnet Peak Effective % . | . . . . . . . . . . . . . . Robots Rewired . | . . . . . . . . . . . . . . Allies Hacked . | . . . . . . . . . . . . . . Hacks Repelled . | . . . . . . . . . . . . . . Allies | -11 -10 -9 -9 -8 -7 -6 -5 -4 -4 -4 -3 -2 -1 -------- Run | Yrd Mat Mat Min Mat Fac Fac Fac Fac Upp Upp Res Res Acc Total Allies 5 | . . . . . 3 2 . . . . . . . Largest Group 3 | . . . . . 3 2 2 . . . . . . Highest-Rated Group 90 | . . . . . 90 86 86 . . . . . . Highest-Rated Ally 43 | . . . . . 30 43 43 . . . . . . Total Orders . | . . . . . . . . . . . . . . Ally Attacks 40 | . . . . . 21 . 19 . . . . . . Total Damage 1234 | . . . . . 624 . 610 . . . . . . Kills 10 | . . . . . 7 . 3 . . . . . . Allies Corrupted . | . . . . . . . . . . . . . . Allies Melted . | . . . . . . . . . . . . . . Intel | -11 -10 -9 -9 -8 -7 -6 -5 -4 -4 -4 -3 -2 -1 ------- Run | Yrd Mat Mat Min Mat Fac Fac Fac Fac Upp Upp Res Res Acc Robot Analysis Total . | . . . . . . . . . . . . . . Derelict Logs Recovered 4 | . . . 1 . . . . . 2 1 . . . Drone Launches . | . . . . . . . . . . . . . . Drone Recoveries . | . . . . . . . . . . . . . . Exploration | -11 -10 -9 -9 -8 -7 -6 -5 -4 -4 -4 -3 -2 -1 ------------- Run | Yrd Mat Mat Min Mat Fac Fac Fac Fac Upp Upp Res Res Acc Turns Passed 6746 | 67 766 454 139 599 873 250 1334 473 357 118 408 380 528 Spaces Moved 6176 | 48 380 317 332 431 608 93 934 391 912 337 589 400 404 Core 257 | 4 . . . . . . . . . . 111 75 67 Treads 194 | . 134 . . . . . . . . . . 52 8 Legs 556 | 44 246 59 . . . . . . . . 21 . 186 Wheels 2268 | . . . . 403 608 93 934 193 . . . . 37 Hover 252 | . . . . . . . . . . . 81 171 . Flight 2649 | . . 258 332 28 . . . 198 912 337 376 102 106 Fastest Speed 22 | 50 120 31 31 28 100 100 100 34 34 34 32 30 22 Average Speed 73 | 114 140 72 31 92 100 100 100 72 34 34 45 58 88 Slowest Speed 900 | 120 190 370 31 100 100 100 115 114 34 34 900 225 190 Overloaded Moves 103 | . . . . . . . . . . . 54 49 . Propulsion Burnouts . | . . . . . . . . . . . . . . Robots Hopped 7 | . . . 2 . . . . 1 . . 3 1 . Cave-ins Triggered . | . . . . . . . . . . . . . . Exploration Rate (%) 31 | 4 53 24 77 41 18 5 22 12 87 50 21 12 11 Regions Visited 13 Branch Regions 3 Pre-discovered Areas 2 | . . . 1 . . . . . 1 . . . . Known Exits Taken 1 | . . . . . . . . . 1 . . . . Unknown Exits Taken 12 | 1 1 1 1 1 1 1 1 1 . 1 1 1 . Scrap Searched 6 | . . . 4 . . . . . 2 . . . . Spaces Dug 40 | . . . . 40 . . . . . . . . . Terrain Destroyed 206 | . . . 2 78 1 . 104 . . . 7 3 11 Melee . | . . . . . . . . . . . . . . Projectile 100 | . . . 2 3 1 . 73 . . . 7 3 11 AOE 106 | . . . . 75 . . 31 . . . . . . Terrain Rammed . | . . . . . . . . . . . . . . Walls Destroyed . | . . . . . . . . . . . . . . Machines Disabled . | . . . . . . . . . . . . . . Actions | -11 -10 -9 -9 -8 -7 -6 -5 -4 -4 -4 -3 -2 -1 --------- Run | Yrd Mat Mat Min Mat Fac Fac Fac Fac Upp Upp Res Res Acc Total 7647 | 55 472 438 350 551 810 250 1172 576 941 337 663 512 520 Wait 725 | . 3 20 . 20 139 153 128 151 4 . 19 57 31 Move 6149 | 47 379 316 327 430 607 92 933 388 911 336 582 397 404 Hop 7 | . . . 2 . . . . 1 . . 3 1 . Pick Up 87 | 1 5 11 4 13 9 . 9 12 3 . 4 9 7 Fast Attach 95 | 6 6 13 2 5 3 1 8 4 3 . 12 13 19 Attach 53 | . . 3 . 3 3 2 9 4 3 . 7 11 8 Detach 11 | . . . . . . 1 1 . 2 . 1 4 2 Swap 42 | . 3 8 1 12 3 . 7 2 1 . 1 . 4 Drop 103 | . 6 16 6 20 10 1 14 12 5 . 3 4 6 Fire 348 | 1 69 51 8 48 36 . 62 2 . . 24 16 31 Melee 17 | . . . . . . . . . 9 1 7 . . Ram 2 | . . . . . . . 1 . . . . . 1 Kick 8 | . 1 . . . . . . . . . . . 7 Crush . | . . . . . . . . . . . . . . Escape Stasis . | . . . . . . . . . . . . . . Rewire . | . . . . . . . . . . . . . . Trap . | . . . . . . . . . . . . . . Miscellaneous . | . . . . . . . . . . . . . . Route ------- -11/Scrapyard -10/Materials (discovered 2 exits: *Mat x2) -9/Materials -9/Mines -8/Materials -7/Factory -6/Factory -5/Factory -4/Factory -4/Upper Caves -4/Upper Caves -3/Research -2/Research -1/Access History --------- Turn | Location | Event 3 | -11/Scrapyard | Discovered new exit (range 15) 68 | -11/Scrapyard | Entered Materials 308 | -10/Materials | Build established: Mutant 381 | -10/Materials | Discovered new exit (range 16) 534 | -10/Materials | Core integrity fell below 50% 765 | -10/Materials | Discovered new exit (range 10) 834 | -10/Materials | Entered another Materials area 834 | -9/Materials | Evolved 2 slots: Propulsion x2 1069 | -9/Materials | Lost 3 parts (2n1w) 1270 | -9/Materials | Discovered new exit (range 6) 1288 | -9/Materials | Entered Mines 1292 | -9/Mines | Learned location of Zion (-6) 1293 | -9/Mines | Found a damaged Exp. Sensor Array with a note attached 1295 | -9/Mines | Found Prototype Device 1296 | -9/Mines | Identified Exp. Sensor Array 1335 | -9/Mines | Received a Rocket Launcher from a helpful Derelict 1366 | -9/Mines | Found the Drone Emporium 1417 | -9/Mines | Core integrity fell below 50% 1424 | -9/Mines | Discovered new exit (range 8) 1427 | -9/Mines | Entered Materials 1427 | -8/Materials | Evolved 2 slots: Propulsion x1, Utility x1 1996 | -8/Materials | Discovered new exit (range 16) 2026 | -8/Materials | Entered Factory 2026 | -7/Factory | Evolved 2 slots: Propulsion x1, Utility x1 2331 | -7/Factory | Fabricated L-41 Fighter (x3) 2889 | -7/Factory | Discovered new exit (range 10) 2899 | -7/Factory | Entered another Factory area 2899 | -6/Factory | Evolved 2 slots: Weapon x2 3094 | -6/Factory | Fabricated X-67 Chaingunner (x2) 3137 | -6/Factory | Discovered new exit (range 8) 3149 | -6/Factory | Entered another Factory area 3149 | -5/Factory | Accompanied by 2 allies 3149 | -5/Factory | Evolved 2 slots: Utility x2 3236 | -5/Factory | Build established: Tank 3435 | -5/Factory | Repaired Arm. Huge Wheel 3862 | -5/Factory | Garrison activated, responded to threat 3978 | -5/Factory | Garrison activated, responded to threat 4347 | -5/Factory | Build established: Scavenger-Tank 4349 | -5/Factory | First assault squad dispatched 4448 | -5/Factory | Cargo convoy interrupted 4480 | -5/Factory | Discovered new exit (range 4) 4483 | -5/Factory | Entered another Factory area 4483 | -4/Factory | Evolved 2 slots: Power x1, Utility x1 4492 | -4/Factory | Lost 8 parts (2n3u3w) 4658 | -4/Factory | Build established: Tank 4935 | -4/Factory | Found Prototype Slashing Weapon 4947 | -4/Factory | Discovered new exit (range 9) 4956 | -4/Factory | Entered Upper Caves 4957 | -4/Upper Caves | Encountered a Warlord checkpoint 4971 | -4/Upper Caves | Identified Centrium Greatsword 5010 | -4/Upper Caves | Spotted B-86 Titan 5124 | -4/Upper Caves | Identified exit to Upper Caves 5220 | -4/Upper Caves | Learned location of Quarantine (-3) 5228 | -4/Upper Caves | Build established: Gladiator 5313 | -4/Upper Caves | Entered another Upper Caves area 5370 | -4/Upper Caves | Learned Research terminal intel 5380 | -4/Upper Caves | Discovered new exit (range 14) 5431 | -4/Upper Caves | Entered Research 5431 | -3/Research | Evolved 2 slots: Propulsion x2 5432 | -3/Research | Loaded intel: 23 terminal locations 5652 | -3/Research | Lost 8 parts (1p4n1u2w) 5695 | -3/Research | Lost 6 parts (1p3u2w) 5708 | -3/Research | Garrison activated, responded to threat 5739 | -3/Research | Released all parts (6) 5749 | -3/Research | Core integrity fell below 50% 5752 | -3/Research | Lost 3 parts (3w) 5770 | -3/Research | System corruption reached 10% 5833 | -3/Research | Discovered new exit (range 15) 5839 | -3/Research | Entered another Research area 5839 | -2/Research | Evolved 2 slots: Utility x2 5941 | -2/Research | Released all parts (1) 6073 | -2/Research | Build established: Mutant 6124 | -2/Research | Lost 8 parts (3p2n1u2w) 6124 | -2/Research | Found Prototype Device 6125 | -2/Research | Identified Beam Splitter 6128 | -2/Research | Found Prototype Device 6129 | -2/Research | Identified Exp. ECM Suite 6203 | -2/Research | Discovered new exit (range 4) 6211 | -2/Research | Core integrity fell below 50% 6219 | -2/Research | Entered Access 6219 | -1/Access | Evolved 2 slots: Utility x2 6269 | -1/Access | Spotted B-99 Colossus 6349 | -1/Access | Lost 7 parts (1p1n3u2w) 6651 | -1/Access | Lost 5 parts (4n1w) 6694 | -1/Access | Core integrity fell below 50% 6703 | -1/Access | Released all parts (1) 6708 | -1/Access | System corruption reached 10% 6722 | -1/Access | Core integrity fell below 20% 6726 | -1/Access | Lost 14 parts (2p4n4u4w) 6747 | -1/Access | Destroyed by P-80 Master with Gamma Rifle Last Messages --------------- 06690_ Exp. ECM Suite destroyed. 06690_ Penetrated by Slug. 06691_ Lrn. Terrain Scanner destroyed. 06691_ Critical hit (Burn: +37). 06693_ Penetrated by Slug. 06693_ Critical hit (Destroy). 06693_ Imp. Cloaking Device destroyed. 06693_ Penetrated by Slug. 06695_ Imp. Cloaking Device destroyed. 06695_ Nova Cannon destroyed. 06695_ Centrium Leg destroyed. 06696_ Slug penetrates R-10 Processor. 06696_ R-10 Processor destroyed. 06696_ Penetrated by Slug. 06703_ Released Centrium Leg. 06733_ Slammed into K-01 Serf. 06733_ Destabilizing: Core damaged (-48). 06742_ 8:XH23A#OU|ER%GIV:G<7AW 06746_ K-01 Serf destroyed. 06746_ Acquired 30 matter. Map ----- +----------------------------------------------------+ | ??????????????????# + """""" ??????????? | | ??????????????????# # "" ??????????? | | ??????????????????# # "" ??????????? | | ??????????????????# # ???????????? | | ??????????????########### # ??????????? | | ??????????????# # # #?????????? | | ??????????????# + ##############?????????? | | ??????????????# """ # #??????????????????????? | | ???????????????? ""T"" # #??????????????????????? | | ?????????????????"" "" ?# #??????????????????????? | | ????????????????? ?#p#??????????????????????? | | ???????????????? ??# #??????????????????????? | | ???????????????? ??# #??????????????????????? | | ????????????????#####???# #??????????????????????? | | ????????????????????????# #??????????????????????? | | ????????????????????????# #??????????????????????? | | ????????????????????????#s#??????????????????????? | | ????????????????????????# #??????????????????????? | | ????????????????????????#s#??????????????????????? | | ????????????????????????# #??????????????????????? | | ????????????????????????#s#??????????????????????? | | ????????????????????????#s#??????????????????????? | | ????????????????????????# #??????????????????????? | | ????????????????????????# #??????????????????????? | | ????????????????????????# #??????????????????????? | | ????????????????????????#@#??????????????????????? | | ????????????????????????#/#??????????????????????? | | ???????????????????????? ==??????????????????????? | | ???????????????????????? ??????????????????????? | | ???????????????????????k ?????????????????????? | | ??????????????????????? ""?????????????????????? | | ?????????????????????? "" ????????????????????? | | ?????????????????????? """""????????????????????? | | ?????????????????????# p""""""???????????????????? | | ?????????????????????#p "??????????????????????? | | ?????????????????????+ "??????????????????????? | | ?????????????????????# ???????????????????????? | | ?????????????????????# ?????????????????????????? | | ?????????????????????# ??????????????????????????? | | ?????????????????????##??????????????????????????? | | ?????????????????????????????????????????????????? | | ?????????????????????????????????????????????????? | | ?????????????????????????????????????????????????? | | ?????????????????????????????????????????????????? | | ?????????????????????????????????????????????????? | | ?????????????????????????????????????????????????? | | ?????????????????????????????????????????????????? | | ?????????????????????????????????????????????????? | | ?????????????????????????????????????????????????? | | ?????????????????????????????????????????????????? | +----------------------------------------------------+ Best States ------------- Heat Dissipation 68 Energy Generation 55 Energy Capacity 585 Matter Stores 400 Matter Capacity 400 Sight Range 16 Robot Scan Range 20 Terrain Scan Density 10 ECM Strength 3 Cloak Strength 4 EM Shielding 2 Armor Coverage 450 Resistance: KI 25 Resistance: EM 25 Power Shielding 66 Propulsion Shielding 66 Weapon Shielding 66 Evasion (%) 65 Melee Accuracy 8 Recoil Reduction 7 Energy Filtering 45 Item Schematics ----------------- None Robot Schematics ------------------ None Fabricated ------------ L-41 Fighter | x3 | -7/Factory | Preloaded X-67 Chaingunner | x2 | -6/Factory | Preloaded Alien Tech Used ----------------- None Achievements -------------- My Command Is Your Wish Challenges ------------ None Game ------ Seed PlasmaLightningLegs Manual? 0 Play Time 02:27:07 Cumulative 59.2 hours Start 2024.04.13 @ 07:32:33 End 2024.04.13 @ 09:58:45 Sessions 1 Manual Loads 0 Difficulty Rogue Special Mode None Game No. 26 Rogue 26 Adventurer 0 Explorer 0 Win Type - Total 0 Types 0/0/0/0/0/0/0/0/0 Lore% 24 Gallery% 41 Achievement% 31 Wizard Run 0 Options --------- Layout 0 ASCII 1 Keyboard 0 Movement Mouse Keybinds 0 Fullscreen 2 Font 18/Terminus Map View 76x50 Zoom Use 0% Tactical HUD 1 Map Filters NONE Filters NONE Steam 1 RUN: c2987cbd-90f6-4d4f-8996-5fe33c3d3c4d